TOP OF THE 1ST |
---|
Intercourse Amish batting - Pitching for Minnesota ManBearPigs : LHP José Ávila | Pitching: LHP José Ávila | | Batting: LHB Dave Reynolds | 0-0: Foul Ball, location: 2F 0-1: Ball 1-1: Fly out, F4 (Line Drive, 4) | Batting: SHB Ralph Robison | 0-0: Called Strike 0-1: Ball 1-1: Foul Ball, location: 2F 1-2: Foul Ball, location: 2F 1-2: Foul Ball, location: 2F 1-2: Fly out, F9 (Flyball, 89D) | Batting: LHB Caleb Hall | 0-0: Ball 1-0: Ground out 4-3 (Groundball, 4) | Top of the 1st over - 0 runs, 0 hits, 0 errors, 0 left on base; Intercourse 0 - Minnesota 0 | BOTTOM OF THE 1ST |
---|
Minnesota ManBearPigs batting - Pitching for Intercourse Amish : RHP Paul Clark | Pitching: RHP Paul Clark | | Batting: RHB Carlos López | 0-0: Ball 1-0: Swinging Strike 1-1: Fly out, F2 (Popup, 2LF) | Batting: RHB Jorge Mora | 0-0: Ground out 6-3 (Groundball, 6) | Batting: RHB Jeffrey Hicks | 0-0: Ball 1-0: Fly out, F5 (Popup, 25F) | Bottom of the 1st over - 0 runs, 0 hits, 0 errors, 0 left on base; Intercourse 0 - Minnesota 0 | TOP OF THE 2ND |
---|
Intercourse Amish batting - Pitching for Minnesota ManBearPigs : LHP José Ávila | Batting: RHB Juan Estrada | 0-0: Fly out, F8 (Flyball, 8LS) | Batting: RHB Pablo Díaz | 0-0: Ball 1-0: Ball 2-0: Ball 3-0: Base on Balls | Batting: RHB Frank Maxwell | 0-0: Ball 1-0: Ball 2-0: Foul Ball, location: 2F 2-1: Foul Ball, location: 2F 2-2: Grounds into double play, 5-4-3 (Groundball, 56) | Top of the 2nd over - 0 runs, 0 hits, 0 errors, 0 left on base; Intercourse 0 - Minnesota 0 | BOTTOM OF THE 2ND |
---|
Minnesota ManBearPigs batting - Pitching for Intercourse Amish : RHP Paul Clark | Batting: RHB Tom Hicks | 0-0: Foul Ball, location: 2F 0-1: Ball 1-1: Foul Ball, location: 2F 1-2: Ground out 5-3 (Groundball, 56S) | Batting: LHB Dave Raines | 0-0: Called Strike 0-1: Swinging Strike 0-2: Strikes out looking | Batting: RHB Gustavo Medine | 0-0: Ball 1-0: Foul Ball, location: 2F 1-1: Ball 2-1: Foul Ball, location: 2F 2-2: Ball 3-2: Fly out, F7 (Flyball, 7S) | Bottom of the 2nd over - 0 runs, 0 hits, 0 errors, 0 left on base; Intercourse 0 - Minnesota 0 | TOP OF THE 3RD |
---|
Intercourse Amish batting - Pitching for Minnesota ManBearPigs : LHP José Ávila | Batting: RHB Esteban Ayala | 0-0: Foul Ball, location: 2F 0-1: Called Strike 0-2: Foul Ball, location: 2F 0-2: Ball 1-2: Strikes out looking | Batting: SHB Conan Hanson | 0-0: Fly out, F8 (Flyball, 8RD) | Batting: LHB Bruce Foster | 0-0: Swinging Strike 0-1: Ball 1-1: Called Strike 1-2: Foul Ball, location: 2F 1-2: Ball 2-2: Strikes out swinging | Top of the 3rd over - 0 runs, 0 hits, 0 errors, 0 left on base; Intercourse 0 - Minnesota 0 | BOTTOM OF THE 3RD |
---|
Minnesota ManBearPigs batting - Pitching for Intercourse Amish : RHP Paul Clark | Batting: RHB Jaime Hernández | 0-0: Ball 1-0: Fly out, F8 (Flyball, 89XD) | Batting: RHB Pedro López | 0-0: Ball 1-0: Foul Ball, location: 2F 1-1: Ball 2-1: Foul Ball, location: 2F 2-2: Ball 3-2: Base on Balls | Batting: LHB Lorenzo Féliz | 0-0: Ball 1-0: SINGLE (Groundball, 3D) Pedro López to second Runner from 2nd tries for 3rd, SAFE, no throw | Batting: RHB Carlos López | 0-0: DOUBLE (Line Drive, 78D) Pedro López scores Lorenzo Féliz to third | Batting: RHB Jorge Mora | 0-0: Ball 1-0: Ball 2-0: Foul Ball, location: 2F 2-1: Ball 3-1: Base on Balls | Batting: RHB Jeffrey Hicks | 0-0: Swinging Strike 0-1: Ball 1-1: Ball 2-1: SINGLE (Groundball, 34S) (infield hit) Lorenzo Féliz scores Carlos López to third Jorge Mora to second | Batting: RHB Tom Hicks | 0-0: Ball 1-0: Foul Ball, location: 2F 1-1: SINGLE (Line Drive, 78S) Carlos López scores Jorge Mora to third Jeffrey Hicks to second Runner from 3rd tries for Home, SAFE, no throw | Batting: LHB Dave Raines | 0-0: Foul Ball, location: 2F 0-1: Called Strike 0-2: Ball 1-2: Foul Ball, location: 2F 1-2: Fly out, F9 (Flyball, 9S) | Batting: RHB Gustavo Medine | 0-0: Ball 1-0: Foul Ball, location: 2F 1-1: Ball 2-1: Foul Ball, location: 2F 2-2: Strikes out swinging | Bottom of the 3rd over - 4 runs, 4 hits, 0 errors, 2 left on base; Intercourse 0 - Minnesota 4 | TOP OF THE 4TH |
---|
Intercourse Amish batting - Pitching for Minnesota ManBearPigs : LHP José Ávila | Batting: LHB Dave Reynolds | 0-0: Ball 1-0: Swinging Strike 1-1: Foul Ball, location: 2F 1-2: Strikes out swinging | Batting: SHB Ralph Robison | 0-0: Ball 1-0: Called Strike 1-1: Swinging Strike 1-2: Fly out, F3 (Popup, 3S) | Batting: LHB Caleb Hall | 0-0: Ball 1-0: Ball 2-0: Ball 3-0: Base on Balls | Batting: RHB Juan Estrada | 0-0: Ball 1-0: Ball 2-0: Called Strike 2-1: Ball 3-1: SINGLE (Groundball, 6MD) Caleb Hall to second Runner from 2nd tries for 3rd, SAFE, no throw | Batting: RHB Pablo Díaz | 0-0: Foul Ball, location: 2F 0-1: Called Strike 0-2: Ball Juan Estrada is caught stealing 2nd base | Top of the 4th over - 0 runs, 1 hit, 0 errors, 1 left on base; Intercourse 0 - Minnesota 4 | BOTTOM OF THE 4TH |
---|
Minnesota ManBearPigs batting - Pitching for Intercourse Amish : RHP Paul Clark | Batting: RHB Jaime Hernández | 0-0: Called Strike 0-1: Called Strike 0-2: Strikes out swinging | Batting: RHB Pedro López | 0-0: Foul Ball, location: 2F 0-1: Ball 1-1: Ball 2-1: Ball 3-1: Called Strike 3-2: Foul Ball, location: 2F 3-2: Foul Ball, location: 2F 3-2: Base on Balls | Batting: LHB Lorenzo Féliz | 0-0: Ball 1-0: Ball Wild Pitch! Pedro López to second 2-0: Called Strike 2-1: Called Strike 2-2: Strikes out swinging | Batting: RHB Carlos López | 0-0: Ball 1-0: Ball 2-0: Ball 3-0: Called Strike 3-1: Foul Ball, location: 2F 3-2: Ground out 4-3 (Groundball, 4) | Bottom of the 4th over - 0 runs, 0 hits, 0 errors, 1 left on base; Intercourse 0 - Minnesota 4 | TOP OF THE 5TH |
---|
Intercourse Amish batting - Pitching for Minnesota ManBearPigs : LHP José Ávila | Batting: RHB Pablo Díaz | 0-0: Foul Ball, location: 2F 0-1: Swinging Strike 0-2: Ball 1-2: Fly out, F7 (Flyball, 78D) | Batting: RHB Frank Maxwell | 0-0: Ball 1-0: Ball 2-0: Foul Ball, location: 2F 2-1: Called Strike 2-2: Strikes out swinging | Batting: RHB Esteban Ayala | 0-0: Swinging Strike 0-1: Ball 1-1: Called Strike 1-2: Strikes out swinging | Top of the 5th over - 0 runs, 0 hits, 0 errors, 0 left on base; Intercourse 0 - Minnesota 4 | BOTTOM OF THE 5TH |
---|
Minnesota ManBearPigs batting - Pitching for Intercourse Amish : RHP Paul Clark | Batting: RHB Jorge Mora | 0-0: Ground out 6-3 (Groundball, 56) | Batting: RHB Jeffrey Hicks | 0-0: Called Strike 0-1: Foul Ball, location: 2F 0-2: Ground out 5-3 (Groundball, 56) | Batting: RHB Tom Hicks | 0-0: Called Strike 0-1: Called Strike 0-2: Foul Ball, location: 2F 0-2: Ball 1-2: Foul Ball, location: 2F 1-2: Ball 2-2: Ball 3-2: Base on Balls | Batting: LHB Dave Raines | 0-0: Ball Wild Pitch! Tom Hicks to second 1-0: Called Strike 1-1: Ball 2-1: Foul Ball, location: 2F 2-2: Ball 3-2: Foul Ball, location: 2F 3-2: Base on Balls | Batting: RHB Gustavo Medine | 0-0: Ball 1-0: Ball 2-0: Ball 3-0: Called Strike 3-1: Called Strike 3-2: SINGLE (Groundball, 34D) Tom Hicks to third Dave Raines to second Tom Hicks scores Dave Raines to third | Batting: RHB Jaime Hernández | 0-0: Foul Ball, location: 2F 0-1: Ball 1-1: Ball 2-1: Ground out 5-3 (Groundball, 56S) | Bottom of the 5th over - 1 run, 1 hit, 0 errors, 2 left on base; Intercourse 0 - Minnesota 5 | TOP OF THE 6TH |
---|
Intercourse Amish batting - Pitching for Minnesota ManBearPigs : LHP José Ávila | Batting: SHB Conan Hanson | 0-0: Called Strike 0-1: Ball 1-1: Foul Ball, location: 2F 1-2: Ball 2-2: Foul Ball, location: 2F 2-2: Ball 3-2: Fly out, F7 (Flyball, 7) | Batting: LHB Bruce Foster | 0-0: Called Strike 0-1: Swinging Strike 0-2: Ball 1-2: Foul Ball, location: 2F 1-2: Foul Ball, location: 2F 1-2: Foul Ball, location: 2F 1-2: Ball 2-2: Foul Ball, location: 2F 2-2: Ball 3-2: SOLO HOME RUN (Flyball, 9LD), Distance : 358 ft | Batting: LHB Dave Reynolds | 0-0: Foul Ball, location: 2F 0-1: Ball 1-1: Swinging Strike 1-2: Strikes out swinging | Batting: SHB Ralph Robison | 0-0: Ball 1-0: Fly out, F9 (Line Drive, 9D) | Top of the 6th over - 1 run, 1 hit, 0 errors, 0 left on base; Intercourse 1 - Minnesota 5 | BOTTOM OF THE 6TH |
---|
Minnesota ManBearPigs batting - Pitching for Intercourse Amish : RHP Paul Clark | Pitching: RHP Sixto Santiago | | Batting: RHB Pedro López | 0-0: Ball 1-0: Ball 2-0: Foul Ball, location: 2F 2-1: Ball 3-1: Base on Balls | Batting: LHB Lorenzo Féliz | 0-0: Ball Pedro López steals 2nd base 1-0: Ball 2-0: Called Strike 2-1: Ground out 6-3 (Groundball, 6) Pedro López to third | Batting: RHB Carlos López | 0-0: Called Strike 0-1: Ball 1-1: Ball 2-1: Called Strike 2-2: Ball 3-2: 2-RUN HOME RUN (Flyball, 7D), Distance : 383 ft | Batting: RHB Jorge Mora | 0-0: Ball 1-0: Foul Ball, location: 2F 1-1: Ball 2-1: Fly out, F9 (Flyball, 89D) | Batting: RHB Jeffrey Hicks | 0-0: Ball 1-0: Called Strike 1-1: Ball 2-1: Ball 3-1: Foul Ball, location: 2F 3-2: Fly out, F8 (Flyball, 8RS) | Bottom of the 6th over - 2 runs, 1 hit, 0 errors, 0 left on base; Intercourse 1 - Minnesota 7 | TOP OF THE 7TH |
---|
Intercourse Amish batting - Pitching for Minnesota ManBearPigs : LHP José Ávila | Pitching: RHP Gabriel McDaniel | | Now at 1B: Juan Trujillo | | Now at SS: Martín Pérez | | Now in CF: Carlos Luna | | Batting: LHB Caleb Hall | 0-0: Ball 1-0: Ball 2-0: Ball 3-0: Called Strike 3-1: Base on Balls | Batting: RHB Juan Estrada | 0-0: DOUBLE (Flyball, 8LXD) Caleb Hall to third | Batting: RHB Pablo Díaz | 0-0: Called Strike 0-1: Called Strike 0-2: Ball 1-2: Foul Ball, location: 2F 1-2: Strikes out looking | Batting: RHB Frank Maxwell | 0-0: Ball 1-0: Ball 2-0: Ball 3-0: Base on Balls | Batting: RHB Esteban Ayala | 0-0: Ball 1-0: Ball 2-0: Swinging Strike 2-1: Foul Ball, location: 2F 2-2: Strikes out looking | Batting: SHB Conan Hanson | 0-0: Called Strike 0-1: Called Strike 0-2: Ball 1-2: Foul Ball, location: 2F 1-2: Foul Ball, location: 2F 1-2: Fly out, F7 (Line Drive, 7LM) | Top of the 7th over - 0 runs, 1 hit, 0 errors, 3 left on base; Intercourse 1 - Minnesota 7 | BOTTOM OF THE 7TH |
---|
Minnesota ManBearPigs batting - Pitching for Intercourse Amish : RHP Sixto Santiago | Batting: RHB Tom Hicks | 0-0: Foul Ball, location: 2F 0-1: Ball 1-1: Foul Ball, location: 2F 1-2: Ball 2-2: Ball 3-2: Foul Ball, location: 2F 3-2: Strikes out looking | Batting: LHB Dave Raines | 0-0: Ball 1-0: Ground out 6-3 (Groundball, 6) | Batting: RHB Gustavo Medine | 0-0: Foul Ball, location: 2F 0-1: Ball 1-1: Ball 2-1: SINGLE (Line Drive, 8RS) | Batting: RHB Jaime Hernández | 0-0: Called Strike 0-1: Ground out 5-3 (Groundball, 56) | Bottom of the 7th over - 0 runs, 1 hit, 0 errors, 1 left on base; Intercourse 1 - Minnesota 7 | TOP OF THE 8TH |
---|
Intercourse Amish batting - Pitching for Minnesota ManBearPigs : RHP Gabriel McDaniel | Batting: LHB Bruce Foster | 0-0: Ball 1-0: Ball 2-0: Ball 3-0: Base on Balls | Batting: LHB Dave Reynolds | 0-0: Ball 1-0: Ball 2-0: Fly out, F7 (Flyball, 7) | Batting: SHB Ralph Robison | 0-0: Grounds into double play, 1-6-3 (Groundball, 13) | Top of the 8th over - 0 runs, 0 hits, 0 errors, 0 left on base; Intercourse 1 - Minnesota 7 | BOTTOM OF THE 8TH |
---|
Minnesota ManBearPigs batting - Pitching for Intercourse Amish : RHP Sixto Santiago | Batting: RHB Pedro López | 0-0: Ball 1-0: Ball 2-0: Called Strike 2-1: Ball 3-1: Ground out 3-1 (Groundball, 34) | Batting: RHB Juan Trujillo | 0-0: Called Strike 0-1: Foul Ball, location: 2F 0-2: Ball 1-2: Foul Ball, location: 2F 1-2: Foul Ball, location: 2F 1-2: Foul Ball, location: 2F 1-2: Ground out U3 (Groundball, 3S) | Batting: RHB Martín Pérez | 0-0: Called Strike 0-1: Foul Ball, location: 2F 0-2: Strikes out swinging | Bottom of the 8th over - 0 runs, 0 hits, 0 errors, 0 left on base; Intercourse 1 - Minnesota 7 | TOP OF THE 9TH |
---|
Intercourse Amish batting - Pitching for Minnesota ManBearPigs : RHP Gabriel McDaniel | Batting: LHB Caleb Hall | 0-0: Fly out, F3 (Popup, 34) | Batting: RHB Juan Estrada | 0-0: Swinging Strike 0-1: Ball 1-1: Swinging Strike 1-2: Ball 2-2: SINGLE (Groundball, 6MD) | Batting: RHB Pablo Díaz | 0-0: Ball 1-0: Grounds out, U3 (Groundball, 3L) | Batting: RHB Frank Maxwell | 0-0: Ball 1-0: Ball 2-0: Ball 3-0: Called Strike 3-1: Swinging Strike 3-2: Base on Balls | Batting: RHB Esteban Ayala | 0-0: Swinging Strike 0-1: Swinging Strike 0-2: DOUBLE (Line Drive, 89XD) Juan Estrada scores Frank Maxwell to third | Batting: SHB Conan Hanson | 0-0: Ball 1-0: Ball 2-0: Called Strike 2-1: Ball 3-1: Foul Ball, location: 2F 3-2: Base on Balls | Pitching: RHP José Peńa | | Batting: LHB Bruce Foster | 0-0: Ball 1-0: Foul Ball, location: 2F 1-1: Called Strike 1-2: Strikes out looking | Top of the 9th over - 1 run, 2 hits, 0 errors, 3 left on base; Intercourse 2 - Minnesota 7 | |